 Dungeon Crawl Stone Soup version 0.27.1-3-gb3d3a73c9e (webtiles) character file.

Game seed: 9133435654939560492

2191 apollocrs the Skirmisher (level 9, -6/78 HPs)
             Began as a Minotaur Berserker on Oct 19, 2021.
             Was an Initiate of the Shining One.
             Mangled by a wight (9 damage)
             ... on level 8 of the Dungeon.
             The game lasted 00:11:39 (5430 turns).

apollocrs the Skirmisher (Minotaur Berserker)       Turns: 5430, Time: 00:11:40

Health: -6/78      AC:  9    Str: 24    XL:     9   Next: 12%
Magic:  8/8        EV: 13    Int:  4    God:    the Shining One [......]
Gold:   221        SH:  0    Dex: 11    Spells: 8/8 levels left

rFire    . . .     SeeInvis .   y - +5 halberd (freeze)
rCold    . . .     Faith    .   (shield currently unavailable)
rNeg     . . .     Spirit   .   t - +3 leather armour
rPois    +         Reflect  .   (helmet restricted)
rElec    .         Harm     .   m - +0 cloak {Will+}
rCorr    .         Rampage  .   q - +0 pair of gloves
Will     +....                  (no boots)
Stlth    +.........             (no amulet)
HPRegen  0.23/turn              r - ring of poison resistance
MPRegen  0.11/turn              (no ring)

@: marked, glowing
A: horns 2, retaliatory headbutt
a: Renounce Religion


You were on level 8 of the Dungeon.
You worshipped the Shining One.
The Shining One was noncommittal.
You visited 1 branch of the dungeon, and saw 6 of its levels.

You collected 221 gold pieces.

Inventory:

Hand Weapons
 a - a +0 hand axe
 g - a +2 dagger of venom
 l - a +4 quarterstaff of chaos
 x - a +5 halberd
 y - a +5 halberd of freezing (weapon)
Missiles
 e - 143 arrows
 k - 14 boomerangs (quivered)
 o - 73 bolts
 p - a throwing net
 v - 2 silver boomerangs
Armour
 b - a +0 animal skin
 i - a +0 scale mail
 m - a +0 cloak of willpower (worn)
 q - a +0 pair of gloves (worn)
 t - a +3 leather armour (worn)
Jewellery
 r - a ring of poison resistance (left hand)
Scrolls
 c - 5 scrolls of identify {unknown}
 d - a scroll of fog {unknown}
 f - 2 scrolls of enchant armour {unknown}
 h - a scroll of amnesia {unknown}
 j - 2 scrolls of enchant weapon {unknown}
 n - 2 scrolls of teleportation {unknown}
 s - a scroll of magic mapping {unknown}
 u - a scroll of blinking {unknown}
 w - a scroll of noise {unknown}
Potions
 z - a potion of curing {unknown}
 A - a potion of resistance {unknown}


   Skills:
 + Level 6.9 Fighting
 + Level 1.4 Short Blades
 + Level 6.3(6.4) Axes
 + Level 1.9(6.2) Polearms
 + Level 6.8(7.0) Staves
 + Level 6.3 Armour
 + Level 6.2 Dodging
 + Level 2.5 Stealth


You had 8 spell levels left.
You didn't know any spells.
Your spell library was empty.

Dungeon Overview and Level Annotations

Branches:
Dungeon (8/15)             Temple (0/1) D:6
   Lair: D:8-11

Altars:
Cheibriados
Fedhas
Qazlal
The Shining One


Innate Abilities, Weirdness & Mutations

You have a pair of horns on your head.
You reflexively headbutt those who attack you in melee.


Message History

The wight is heavily damaged.
The wight hits you with a +1 halberd.
* * * LOW HITPOINT WARNING * * *
You closely miss the wight. You headbutt the wight.
The wight is severely damaged.
The wight hits you with a +1 halberd!
* * * LOW HITPOINT WARNING * * *
The wight barely misses you. You furiously retaliate!
You headbutt the wight. You closely miss the wight.
The wight is severely damaged.
The wight hits you with a +1 halberd!
* * * LOW HITPOINT WARNING * * *
You feel drained.
* * * LOW HITPOINT WARNING * * *
You barely miss the wight.
The wight is severely damaged.
The wight barely misses you.
You slash the wight!
You destroy the wight!
The Shining One accepts your kill.
Your life force feels restored.
A centaur comes into view.
Okay, then.
The centaur hits you but does no damage.
The centaur misses you.
A wight comes into view. It is wielding a +1 battleaxe.
There is an open door here.
You hit the centaur. You freeze the centaur.
The centaur is moderately wounded.
The centaur hits you but does no damage.
The centaur barely misses you. x2; The centaur misses you.
You puncture the centaur! You freeze the centaur!
You kill the centaur!
A wight comes into view. It is wielding a +5 great sword.
You slice the wight!! You freeze the wight.
You destroy the wight!
The Shining One accepts your kill.
A wight comes into view. It is wielding a +4 short sword.
The wight hits you with a +5 great sword!
You die...

.....# .# .....# .# ##
### #.... #.#
#..+..##...# ..#####
.###).#...####.......
#D#8.#.#....#.......
#$##'##.............
..'!#.@8#.....<.......
8..#[#..zz....††.......
#' #?##+##.............
# #)# #..............
.## #.......####### #..
#.......# ## #........#
.........# ..........#


You could see an acid dragon and 2 wights.

Vanquished Creatures
  A wyvern (D:8)
  A steam dragon (D:7)
  Menkaure (D:7)
  Duvessa (D:6)
  An orc warrior (D:6)
  A black bear (D:8)
  2 ice beasts
  2 centaurs
  A kobold brigand (D:8)
  A scorpion (D:6)
  A bullfrog (D:7)
  Dowan (D:6)
  8 killer bees (D:7)
  9 wights
  An orc priest (D:7)
  Crazy Yiuf (D:2)
  Jessica (D:2)
  2 orc wizards
  An adder (D:2)
  An ufetubus (D:7)
  A worm (D:2)
  A dart slug (D:1)
  14 orcs
  7 endoplasms
  2 goblins
  7 hobgoblins
  7 ball pythons
  2 bats (D:2)
  6 frilled lizards
  11 kobolds
  2 quokka zombies (D:6)
  6 rats
104 creatures vanquished.

Notes
Turn   | Place    | Note
-------+----------+-------------------------------------------
     0 | D:1      | apollocrs the Minotaur Berserker began the quest for the
                  | Orb.
     0 | D:1      | Reached XP level 1. HP: 19/19 MP: 0/0
   355 | D:1      | Reached XP level 2. HP: 20/27 MP: 1/1
   863 | D:2      | Reached XP level 3. HP: 25/33 MP: 2/2
  1004 | D:2      | Found a snail-covered altar of Cheibriados.
  1239 | D:2      | Reached ** piety under Trog
  1422 | D:2      | Noticed Jessica
  1433 | D:2      | Killed Jessica
  1434 | D:2      | Reached XP level 4. HP: 11/41 MP: 3/3
  1788 | D:2      | Reached skill level 5 in Axes
  1940 | D:2      | Found a faded altar of an unknown god.
  2031 | D:2      | Found a runed translucent door.
  2032 | D:2      | Noticed Crazy Yiuf
  2039 | D:2      | Killed Crazy Yiuf
  2317 | D:3      | Noticed an ice beast
  2327 | D:3      | Killed an ice beast
  2328 | D:3      | Reached skill level 5 in Fighting
  2328 | D:3      | Reached XP level 5. HP: 32/48 MP: 4/4
  2481 | D:3      | You fall into a shaft and drop 3 floors!
  2490 | D:6      | Reached XP level 6. HP: 40/56 MP: 5/5
  2493 | D:6      | Reached skill level 1 in Short Blades
  2881 | D:6      | Found a blossoming altar of Fedhas.
  2911 | D:6      | Found a staircase to the Ecumenical Temple.
  2926 | D:6      | Noticed an orc warrior
  2931 | D:6      | Noticed Duvessa
  2934 | D:6      | Noticed Dowan
  2938 | D:6      | Killed an orc warrior
  2939 | D:6      | Reached skill level 1 in Staves
  2949 | D:6      | Killed Dowan
  2950 | D:6      | Reached XP level 7. HP: 21/61 MP: 6/6
  2950 | D:6      | Killed Duvessa
  2951 | D:6      | Reached skill level 1 in Stealth
  3892 | D:7      | Reached skill level 5 in Armour
  3983 | D:7      | Reached XP level 8. HP: 58/70 MP: 7/7
  4112 | D:7      | Noticed Menkaure
  4123 | D:7      | Killed Menkaure
  4243 | D:7      | Reached skill level 5 in Dodging
  4249 | D:7      | Reached skill level 5 in Staves
  4695 | D:7      | Found a stormy altar of Qazlal.
  5184 | D:7      | Found a glowing golden altar of the Shining One.
  5194 | D:7      | Fell from the grace of Trog
  5194 | D:7      | Became a worshipper of the Shining One
  5392 | D:8      | Reached skill level 1 in Polearms
  5392 | D:8      | Reached XP level 9. HP: 37/78 MP: 8/8
  5411 | D:8      | Noticed a tengu warrior
  5421 | D:8      | HP: 1/76 [wight (3)]
  5430 | D:8      | Mangled by a wight

Illustrated notes

Levels and vault maps discovered:
D:1:      psy_arrival_dodecagon, layout_basic
D:2:      layout_loops_corners, basic_altar, ebering_ecumenical_altar_petrified,
          kennysheep_pointless_box, uniq_jessica, uniq_crazy_yiuf_cottage
D:3:      layout_basic, mainiacjoe_overflow_brackets, overflow_temple_1_default,
          minmay_cupped
D:6:      layout_basic, old_standard_altar, minmay_temple_entry_large_hall,
          enter_ossuary_4, uniq_duvessa
D:7:      layout_cave_pods, nicolae_tso_swordbearing_angel,
          nicolae_qazlal_scattered_showers, serial_column_ruins,
          column_ruins_grid_2, column_ruins_corridor_straight,
          column_ruins_open_small_water, column_ruins_grid_3,
          column_ruins_columns_straight, column_ruins_corridor_straight,
          uniq_menkaure
D:8:      minmay_chambers_of_sixes, layout_rooms, lemuel_tele_altar,
          lair_entry_dummy, minmay_misc_feat_plants

Skill      XL: |  1  2  3  4  5  6  7  8 |
---------------+-------------------------+-----
Axes           | 4 5 6 |  6.3
Fighting       | 4 5 6 |  6.9
Dodging        | 3 4 6 |  6.2
Armour         | 3 4 5 6 |  6.3
Short Blades   | 1 |  1.4
Staves         | 1 3 6 |  6.8
Stealth        | 1 2 |  2.5
Polearms       | 1 |  1.9

Action                   |  1- 3 |  4- 6 |  7- 9 || total
-------------------------+-------+-------+-------++-------
Melee: Hand axe          |    73 |       |       ||    73
       Headbutt          |    13 |     5 |    13 ||    31
       Dagger            |       |    13 |       ||    13
       Quarterstaff      |       |    43 |    54 ||    97
       Halberd           |       |       |    34 ||    34
Invok: Berserk           |     2 |     2 |     2 ||     6
  Use: Potion            |       |       |     2 ||     2
 Stab: Paralysed         |       |     1 |       ||     1
Armor: Animal skin       |    19 |       |       ||    19
       Scale mail        |       |    28 |       ||    28
       Leather armour    |       |       |    61 ||    61
Dodge: Dodged            |    52 |    38 |   121 ||   211
